AoeStats
← Bandolero

Oasis

510087828Analyzed
4v4 RM · 2d ago on Sep 29, 2026· 31m 44s· 8 players
Game mode
Random Map
Map size
Large (8 player)
Population
200
Speed
Normal
Resources
Standard
Victory
Conquest
Starting age
Dark Age
Ending age
Imperial Age
RankedLock teamsTeams togetherTeam positionsShared explorationLock speedFull tech treeHidden civsTurbo modeCheats
Victory
Defeat
🇻🇳 Maya · Vietnam
1909
+10
🇨🇳 Mongols · China
1821
+13
🇨🇿 Huns · Czechia
1777
+15
🇨🇭 Slavs · Switzerland
1698
+18
🇦🇷 Mongols · Argentina
1899
-19
🇺🇾 Chinese · Uruguay
1824
-17
🇦🇷 Khmer · Argentina
1703
-12
🇦🇷 Italians · Argentina
1600
-8
~BroKen~
6:16 Loom
8:39 Feudal Age
9:35 Double-Bit Axe
10:49 Forging
17:26 Scale Barding Armor
19:50 Wheelbarrow
19:35 Horse Collar
23:18 Castle Age
22:18 Bloodlines
24:43 Iron Casting
24:12 Husbandry
23:36 Light Cavalry
26:30 Hand Cart
26:34 Bow Saw
28:13 Gold Mining
32:03 Chain Barding Armor
DS_Alec
0:29 Loom
10:26 Feudal Age
14:50 Castle Age
13:17 Double-Bit Axe
13:16 Horse Collar
17:09 Scale Barding Armor
22:23 Bow Saw
25:10 Heavy Plow
26:29 Chain Barding Armor
Bandolero
7:44 Loom
10:31 Feudal Age
11:53 Double-Bit Axe
Lea
6:53 Loom
8:49 Feudal Age
13:54 Double-Bit Axe
14:12 Horse Collar
24:02 Castle Age
22:02 Stone Mining
25:25 Bow Saw
26:17 Fletching
28:34 Bodkin Arrow
28:40 Gold Mining
Maelgwyn
8:26 Feudal Age
9:33 Double-Bit Axe
9:29 Horse Collar
12:17 Loom
14:46 Forging
15:15 Scale Barding Armor
17:24 Bloodlines
19:18 Wheelbarrow
20:22 Gold Mining
22:43 Castle Age
22:45 Light Cavalry
23:26 Husbandry
23:47 Chain Barding Armor
23:58 Bow Saw
25:07 Gold Shaft Mining
25:22 Heavy Plow
28:12 Hand Cart
33:22 Imperial Age
31:19 Stone Mining
Velky kanec
8:52 Feudal Age
8:22 Loom
9:30 Double-Bit Axe
10:09 Horse Collar
17:29 Castle Age
16:29 Bloodlines
18:29 Bow Saw
17:45 Light Cavalry
19:16 Forging
23:32 Scale Barding Armor
23:41 Husbandry
26:26 Wheelbarrow
26:29 Gold Mining
27:53 Chain Barding Armor
28:09 Chain Barding Armor
31:32 Imperial Age
29:16 Stone Mining
30:29 Hand Cart
30:23 Heavy Plow
32:48 Plate Barding Armor
31:39 Cavalier
154985415164
5:45 Loom
8:23 Feudal Age
9:00 Double-Bit Axe
12:21 Forging
12:12 Fletching
20:35 Castle Age
18:32 Horse Collar
19:00 Gold Mining
21:19 Bodkin Arrow
20:45 Crossbowman
21:41 Bow Saw
22:26 Ballistics
24:15 Wheelbarrow
24:54 Gold Shaft Mining
25:39 Padded Archer Armor
27:13 Leather Archer Armor
28:22 Town Watch
31:53 Fervor
saymynameBook
0:27 Loom
15:44 Feudal Age
16:23 Feudal Age
16:58 Double-Bit Axe
19:19 Fletching
22:19 Horse Collar
31:13 Wheelbarrow
Connection lost

Rejoining the realm…

Still unreachable

The connection could not be restored.

Session expired

The server has moved on; the page needs a fresh start.